 Dungeon Crawl Stone Soup version 0.17.1-2-g5865329 (webtiles) character file.

1838 Metrazal the Covert (level 8, -1/37 HPs)
             Began as a Spriggan Assassin on Feb 7, 2016.
             Was a Follower of Elyvilon.
             Slain by a killer bee (2 damage)
             ... on level 7 of the Dungeon on Feb 8, 2016.
             The game lasted 01:02:19 (7739 turns).

Metrazal the Covert (Spriggan Assassin)             Turns: 7739, Time: 01:02:19

Health: -1/37      AC:  4    Str:  5 (7)  XL:     8   Next: 87%
Magic:  9/9        EV: 27    Int: 17      God:    Elyvilon [*.....]
Gold:   123        SH:  0    Dex: 20      Spells: 0 memorised, 7 levels left

rFire  . . .     SeeInvis +     b - +0 blowgun
rCold  . . .     Clarity  .     i - +0 robe
rNeg   . . .     SustAt   .     (shield restricted)
rPois  .         Gourm    .     (helmet restricted)
rElec  .         Spirit   .     v - +0 cloak
rCorr  .         Warding  .     (gloves unavailable)
rMut   .         Stasis   .     (boots unavailable)
MR     +....                    (no amulet)
Stlth  +++++.....               (no ring)
                                H - +1 ring of protection

@: brilliant, lethally poisoned (-1 -> -2), very quick, somewhat resistant to
hostile enchantments, quite stealthy
A: unfitting armour, see invisible, herbivore 3, speed 3, slow metabolism 2
a: Lesser Healing, Divine Protection, Renounce Religion


You were on level 7 of the Dungeon.
You worshipped Elyvilon.
Elyvilon was aware of your devotion.
You were not hungry.

You visited 2 branches of the dungeon, and saw 8 of its levels.
You also visited: Sewer.

You collected 286 gold pieces.
You spent 163 gold pieces at shops.

Inventory:

Hand Weapons
 a - a +2 dagger
 b - a +0 blowgun (weapon)
 c - a +1 hunting sling of velocity
 d - a +1 hunting sling of flaming
Missiles
 e - 10 poisoned needles (quivered)
 h - 189 stones
 q - 30 arrows
 y - 2 curare-tipped needles
 B - 37 sling bullets
Armour
 i - a +0 robe (worn)
 v - a +0 cloak (worn)
Jewellery
 H - a +1 ring of protection (left hand)
Wands
 f - a wand of enslavement (4)
 n - a wand of slowing (26)
 D - a wand of confusion (20)
Scrolls
 k - 3 scrolls of remove curse
 l - a scroll of teleportation {unknown}
 m - 2 scrolls of fog
 o - a scroll of fear {unknown}
 s - a scroll of noise {unknown}
 x - 3 scrolls of enchant armour
 z - 2 scrolls of magic mapping {unknown}
 A - 3 scrolls of recharging
 L - a scroll of blinking {unknown}
Potions
 p - a potion of might {unknown}
 r - a potion of invisibility {unknown}
 t - a potion of magic {unknown}
 u - a potion of haste {unknown}
 w - a potion of flight {unknown}
 E - a potion of heal wounds {unknown}
 F - a potion of mutation {unknown}
 K - 2 potions of agility {unknown}
 M - 2 potions of resistance {unknown}
Comestibles
 g - 3 bread rations
 C - 3 fruits
 I - 3 slices of pizza
 J - a royal jelly


   Skills:
 - Level 1.5 Fighting
 - Level 2.2 Short Blades
 * Level 9.1(9.2) Slings
 - Level 2.0(5.2) Throwing
 * Level 9.5 Dodging
 + Level 10.1 Stealth


You had 7 spell levels left.
You didn't know any spells.

Dungeon Overview and Level Annotations

Branches:
Dungeon (7/15)             Temple (1/1) D:6

Altars:
Ashenzari
Cheibriados
Dithmenos
Elyvilon
Fedhas
Gozag
Kikubaaqudgha
Makhleb
Nemelex Xobeh
Okawaru
Qazlal
Ru
Trog
Vehumet
Xom
Yredelemnul
Zin
The Shining One

Shops:
D:5 %

Annotations:
D:7 Kiel97's ghost, novice GrFi


Innate Abilities, Weirdness & Mutations

You are tiny and cannot use many weapons and most armour.
You have supernaturally acute eyesight.
You are a herbivore.
You cover ground extremely quickly.
You need consume almost no food.


Message History

Found a scroll labeled ECOKOMMEON.
The orc priest calls down the wrath of Beogh upon you.
Something smites you!
* * * LOW HITPOINT WARNING * * *
The killer bee completely misses you. The killer bee closely misses you.
The killer bee buzzes angrily.
The killer bee stings you!
* * * LOW HITPOINT WARNING * * *
* * * LOW HITPOINT WARNING * * *
You feel sick.
It was a potion of brilliance.
You feel clever all of a sudden.
The killer bee stings you but does no damage.
The killer bee closely misses you.
It was a potion of degeneration.
There was something very wrong with that liquid.
You feel weakened. The killer bee closely misses you.
The killer bee stings you.
You die...

## ... .. ...
.# .. .# ##. .#
###.(## .#
#.....######?#
##.#.#.##yoy@.#
#.........#####
### #######
##.....o####
##.#####......
........#
#........#...#
.#......#
##.####.......
#......# #.#
#.......
..#.##.#...#
#.# ##......
!.#......oo#
#.# #.#...#
".#........#
#.# #......


You could see 2 killer bees and 2 orcs.

Vanquished Creatures
  The ghost of SedStubbie the Skirmisher, a novice OpGl (D:6)
  Sigmund (D:2)
  An orc warrior (D:6)
  A phantom (D:6)
  An ice beast (D:6)
  2 ogres
  A scorpion (D:6)
  6 killer bees
  A crimson imp (D:5)
  A hound (D:6)
  A gnoll shaman (D:4)
  7 worker ants
  A hound skeleton (D:5)
  9 gnolls
  12 adders
  A shadow imp (D:5)
  11 oozes
  An adder skeleton (D:5)
  2 worms
  13 giant geckos
  7 orcs
  13 giant cockroaches
  4 goblins
  6 hobgoblins
  2 quokkas
  8 ball pythons
  6 bats
  12 giant newts
  6 jackals
  A jackal zombie (D:5)
  8 kobolds
  A quokka skeleton (D:6)
  A quokka zombie (D:6)
  5 rats
154 creatures vanquished.

Notes
Turn   | Place    | Note
--------------------------------------------------------------
     0 | D:1      | Metrazal the Spriggan Assassin began the quest for the Orb.
     0 | D:1      | Reached XP level 1. HP: 10/10 MP: 2/2
    25 | D:1      | Reached skill level 6 in Stealth
   705 | D:1      | Reached skill level 1 in Slings
   705 | D:1      | Reached XP level 2. HP: 12/14 MP: 3/3
  1733 | D:2      | Reached XP level 3. HP: 18/18 MP: 4/4
  2005 | D:2      | Noticed Sigmund
  2794 | D:2      | Killed Sigmund
  2794 | D:2      | Reached skill level 7 in Stealth
  2794 | D:2      | Reached XP level 4. HP: 11/22 MP: 5/5
  2794 | D:2      | Reached XP level 5. HP: 12/25 MP: 6/6
  3462 | D:3      | Found a glowing drain.
  3475 | Sewer    | Entered a sewer
  3521 | Sewer    | Reached skill level 5 in Slings
  3521 | Sewer    | Reached XP level 6. HP: 30/30 MP: 7/7
  3753 | Sewer    | Noticed SeriousMike's ghost (amateur FoFi)
  4341 | D:4      | Reached skill level 8 in Stealth
  4405 | D:4      | Found a shattered altar of Ashenzari.
  4405 | D:4      | Found a snail-covered altar of Cheibriados.
  4406 | D:4      | Found a sparkling altar of Nemelex Xobeh.
  4653 | D:4      | Found a glowing silver altar of Zin.
  4654 | D:4      | Found an opulent altar of Gozag.
  4736 | D:4      | Reached skill level 5 in Dodging
  4736 | D:4      | Reached XP level 7. HP: 33/33 MP: 8/8
  5304 | D:5      | Entered Level 5 of the Dungeon
  5787 | D:5      | Found Pufath's Food Shoppe.
  5809 | D:5      | Bought a slice of pizza for 16 gold pieces
  5809 | D:5      | Bought a bread ration for 55 gold pieces
  5809 | D:5      | Bought a royal jelly for 22 gold pieces
  5809 | D:5      | Bought a royal jelly for 22 gold pieces
  5809 | D:5      | Bought a slice of pizza for 16 gold pieces
  5809 | D:5      | Bought a fruit for 16 gold pieces
  5809 | D:5      | Bought a slice of pizza for 16 gold pieces
  6285 | D:6      | Noticed SedStubbie's ghost (novice OpGl)
  6310 | D:6      | Killed SedStubbie's ghost
  6310 | D:6      | Reached skill level 9 in Stealth
  6310 | D:6      | Reached XP level 8. HP: 37/37 MP: 9/9
  6488 | D:6      | Found a staircase to the Ecumenical Temple.
  6495 | Temple   | Entered the Ecumenical Temple
  6592 | Temple   | Became a worshipper of Elyvilon the Healer
  7065 | D:6      | Found an iron altar of Okawaru.
  7419 | D:7      | Found a radiant altar of Vehumet.
  7622 | D:7      | Reached * piety under Elyvilon
  7626 | D:7      | Noticed Kiel97's ghost (novice GrFi)
  7679 | D:7      | Reached skill level 10 in Stealth
  7737 | D:7      | HP: 1/37 [poisoned by a killer bee]
  7739 | D:7      | Slain by a killer bee

Action                   |  1- 3 |  4- 6 |  7- 9 || total
-------------------------+-------+-------+-------++-------
Melee: Dagger            |    14 |     3 |       ||    17
 Fire: Hunting sling     |    65 |   204 |   252 ||   521
       Blowgun           |    30 |     1 |    14 ||    45
Throw: Stone             |     2 |       |       ||     2
Evoke: Wand              |       |       |     1 ||     1
  Use: Scroll            |       |     3 |     4 ||     7
       Potion            |       |       |     2 ||     2
 Stab: Sleeping          |     2 |       |     2 ||     4
       Distracted        |       |     1 |     2 ||     3
  Eat: Royal jelly       |       |     1 |     1 ||     2
